 Dungeon Crawl Stone Soup version 0.19.5 (webtiles) character file.

109 theAP the Skirmisher (level 5, 0/43 HPs)
             Began as a Formicid Fighter on Apr 8, 2017.
             Slain by theAP's ghost (2 damage)
             ... on level 3 of the Dungeon.
             The game lasted 00:02:20 (1269 turns).

theAP the Skirmisher (Formicid Fighter)             Turns: 1269, Time: 00:02:20

Health: 0/43       AC:  6    Str: 22    XL:     5   Next: 13%
Magic:  5/5        EV:  8    Int:  7    God:
Gold:   91         SH:  9    Dex: 10    Spells: 0 memorised, 4 levels left

rFire  . . .     SeeInvis +     a - +0 long sword
rCold  . . .     Gourm    .     b - +0 scale mail
rNeg   . . .     Faith    .     c - +0 shield
rPois  .         Spirit   .     (helmet unavailable)
rElec  .         Reflect  .     (no cloak)
rCorr  .         Harm     .     (no gloves)
MR     .....                    (no boots)
Stlth  ..........               (no amulet)
                                (no ring)
                                (no ring)

@: no status effects
A: permanent stasis, dig shafts and tunnels, four strong arms, antennae 3
a: Dig, Shaft Self


You were on level 3 of the Dungeon.
You were hungry.

You visited 1 branch of the dungeon, and saw 3 of its levels.

You collected 91 gold pieces.

Inventory:

Hand Weapons
 a - a +0 long sword (weapon)
Armour
 b - a +0 scale mail (worn)
 c - a +0 shield (worn)
Scrolls
 g - a scroll of fear {unknown}
 h - 2 scrolls of identify {unknown}
 k - a scroll of noise {unknown}
 l - a scroll of enchant weapon {unknown}
 m - 3 scrolls of random uselessness {unknown}
 n - a scroll of teleportation {unknown}
 q - a scroll of remove curse {unknown}
Potions
 d - a potion of might
 e - a potion of curing {unknown}
 i - a potion of mutation {unknown}
 p - a potion of heal wounds {unknown}
Comestibles
 f - 4 bread rations
 j - a slice of pizza
 o - a meat ration


   Skills:
 + Level 4.3 Fighting
 * Level 4.1 Long Blades
 - Level 3.2 Armour
 - Level 3.6 Shields


You had 4 spell levels left.
You didn't know any spells.

Dungeon Overview and Level Annotations

Branches:
Dungeon (3/15)

Altars:

Annotations:
D:3 theAP's ghost, amateur FoFi


Innate Abilities, Weirdness & Mutations

You are under a permanent stasis effect.
You can dig through walls and to a lower floor.
Your four strong arms can wield two-handed weapons with a shield.
You have a pair of large antennae on your head. (SInv)


Message History

TheAP's ghost is heavily damaged.
TheAP's ghost closely misses you.
You hit theAP's ghost but do no damage.
TheAP's ghost is heavily damaged.
TheAP's ghost wails, "Death is your only future!"
TheAP's ghost hits you.
* * * LOW HITPOINT WARNING * * *
You hit theAP's ghost but do no damage.
TheAP's ghost is heavily damaged.
TheAP's ghost closely misses you.
You riposte.
You hit theAP's ghost.
TheAP's ghost is heavily damaged.
You block theAP's ghost's attack.
You hit theAP's ghost but do no damage.
TheAP's ghost is heavily damaged.
TheAP's ghost hits you.
* * * LOW HITPOINT WARNING * * *
You are feeling hungry.
There is a stone staircase leading up here.
TheAP's ghost hits you.
You die...

!..# ##
######.#.##
..##
#..........
...#
#....<.....
#..##..........
#..#..........
#............
#....†......
#.@W........
##..........
#..........
########.## .#
#


You could see theAP's ghost.

Vanquished Creatures
  Terence (D:2)
  4 adders (D:2)
  An ooze (D:1)
  A worm (D:2)
  2 dart slugs (D:1)
  2 leopard geckos
  2 giant cockroaches (D:2)
  5 goblins
  4 hobgoblins
  4 kobolds
  7 bats
  2 frilled lizards (D:3)
  7 rats
42 creatures vanquished.

Notes
Turn   | Place    | Note
-------+----------+-------------------------------------------
     0 | D:1      | theAP the Formicid Fighter began the quest for the Orb.
     0 | D:1      | Reached XP level 1. HP: 18/18 MP: 1/1
    55 | D:1      | Reached XP level 2. HP: 20/24 MP: 2/2
   189 | D:1      | Reached XP level 3. HP: 26/30 MP: 3/3
   732 | D:2      | Reached XP level 4. HP: 37/37 MP: 4/4
   888 | D:2      | Noticed Terence
   895 | D:2      | Killed Terence
   932 | D:2      | Reached XP level 5. HP: 32/43 MP: 5/5
  1248 | D:3      | Noticed theAP's ghost (amateur FoFi)
  1266 | D:3      | HP: 2/43 [theAP's ghost (4)]
  1269 | D:3      | Slain by theAP's ghost

Skill      XL: |  1  2  3  4 |
---------------+-------------+-----
Long Blades    | 3 4 |  4.1
Fighting       | 4 |  4.3
Armour         | |  3.2
Shields        | |  3.6

Action                   |  1- 3 |  4- 6 || total
-------------------------+-------+-------++-------
Melee: Long sword        |    78 |    60 ||   138
  Eat: Chunk             |       |     1 ||     1
Armor: Scale mail        |    42 |    19 ||    61
Dodge: Dodged            |    31 |    21 ||    52
Block: Shield            |    49 |    32 ||    81
       Rpst.: Long sword |    11 |     8 ||    19
